 Dungeon Crawl Stone Soup version 0.17.0-26-gececa24 (webtiles) character file.

7327 Clownie the Nimble (level 11, -1/77 HPs)
             Began as an Octopode Berserker on Nov 19, 2015.
             Was a High Priest of Trog.
             Slain by an unseen horror (7 damage)
             ... on level 10 of the Dungeon.
             The game lasted 00:15:11 (10445 turns).

Clownie the Nimble (Octopode Berserker)            Turns: 10445, Time: 00:15:11

Health: -1/77      AC:  1    Str: 16    XL:     11   Next: 13%
Magic:  11/11      EV: 17    Int: 12    God:    Trog [*****.]
Gold:   122        SH:  0    Dex: 11    Spells: 0 memorised, 10 levels left

rFire  . . .     SeeInvis .     G - +12 trident of Rega {flame, rElec rPois rC+ Dex-4}
rCold  + . .     Clarity  .     (no shield)
rNeg   . . .     SustAt   .     (helmet restricted)
rPois  +         Gourm    .     (no amulet)
rElec  +         Spirit   .     t - ring of protection from magic
rCorr  .         Warding  .     v - ring of poison resistance
rMut   .         Stasis   .     (no ring)
MR     +++..                    (no ring)
Stlth  +++++.....               (no ring)
                                (no ring)
                                (no ring)
                                (no ring)

@: about to teleport, regenerating, extremely resistant to hostile enchantments,
quite stealthy
A: almost no armour, amphibious, 8 rings, constrict 8, camouflage 1, breathe
flames 1, clever 1, sense surroundings 1, wild magic 1, gelatinous body 1
a: Berserk, Trog's Hand, Brothers in Arms, Burn Spellbooks, Renounce Religion,
Breathe Fire


You were on level 10 of the Dungeon.
You worshipped Trog.
Trog was extremely pleased with you.
You were not hungry.

You visited 1 branch of the dungeon, and saw 10 of its levels.

You collected 465 gold pieces.
You spent 343 gold pieces at shops.

Inventory:

Hand Weapons
 G - the +12 trident of Rega (weapon) {flame, rElec rPois rC+ Dex-4}
   (You found it on level 10 of the Dungeon)

   It has been specially enchanted to burn those struck by it, causing extra
   injury to most foes and up to half again as much damage against particularly
   susceptible opponents.
   It affects your dexterity (-4).
   It protects you from cold.
   It insulates you from electricity.
   It protects you from poison.
Jewellery
 t - a ring of protection from magic (left tentacle)
 v - a ring of poison resistance (right tentacle)
Wands
 o - a wand of disintegration (8)
 q - a wand of frost (33)
 y - a wand of paralysis (8)
 z - a wand of fire (7)
 A - a wand of disintegration (9)
 C - a wand of random effects (12)
 D - a wand of paralysis (8)
 F - a wand of digging (8)
 H - a wand of polymorph (15)
Scrolls
 c - 4 scrolls of remove curse
 e - 4 scrolls of fear {unknown}
 f - 6 scrolls of teleportation
 h - 5 scrolls of enchant weapon
 l - 4 scrolls of amnesia {unknown}
 m - 3 scrolls of enchant armour {unknown}
 n - 3 scrolls of immolation {unknown}
 p - 3 scrolls of magic mapping
 r - a scroll of fog {unknown}
 w - a scroll of blinking {unknown}
 x - a scroll of noise {unknown}
Potions
 i - 2 potions of cancellation
 j - 2 potions of flight
 k - 4 potions of cure mutation
 s - 2 potions of haste
 u - 2 potions of might {unknown}
 E - 2 potions of agility {unknown}
Comestibles
 a - 5 bread rations
 b - 10 royal jellies
 d - 8 meat rations
 B - a chunk of flesh


   Skills:
 - Level 8.2 Fighting
 - Level 12.0 Dodging
 - Level 7.6 Stealth
 - Level 8.1 Unarmed Combat


You had 10 spell levels left.
You didn't know any spells.

Dungeon Overview and Level Annotations

Branches:
Dungeon (10/15)            Temple (0/1) D:7
   Lair: D:8-11         Orc: D:9-12

Altars:
Dithmenos
Makhleb
Sif Muna
Xom

Shops:
D:4 }?:   D:7 (   D:10 *


Innate Abilities, Weirdness & Mutations

You cannot wear most types of armour.
You are amphibious.
You can wear up to eight rings at the same time.
You can use your tentacles to constrict eight enemies at once.
Your skin changes colour to match your surroundings (Stealth).
Your rubbery body absorbs attacks (AC +1).
You can breathe flames.
Your mind is acute. (Int +2)
You passively map a small area around you.
Your spells are a little harder to cast, but a little more powerful.


Message History

Drink which item? (? for menu, Esc to quit)
Okay, then.
Read which item? (? for menu, Esc to quit)
Okay, then.
Drink which item? (? for menu, Esc to quit)
You feel better. Something hits you!
* * * LOW HITPOINT WARNING * * *
Drink which item? (? for menu, Esc to quit)
You feel better. Something barely misses you.
Drink which item? (? for menu, Esc to quit)
Okay, then.
Your skin crawls.
You feel resistant to hostile enchantments.
You feel slightly more hungry. Something hits you!
* * * LOW HITPOINT WARNING * * *
Okay, then.
Read which item? (? for menu, Esc to quit)
As you read the scroll of teleportation, it crumbles to dust.
You feel strangely unstable. Something hits you!
You die...

#........######
#.######......#
, #.* #......#
, #, #......#
#......#
#......#
#......# ,
#......#
#.@....# ,*
#......# ,
#......# ,
.............#
,
.............#
.......!.....#
*
...........###
#+##.......# ,,
#.......#


There were no monsters in sight!

Vanquished Creatures
  The ghost of OmG the Poker, a novice HuFi (D:6)
  A hill giant (D:10)
  Pikel (D:5)
  2 trolls
  Prince Ribbit (D:9)
  A wyvern (D:8)
  2 hippogriffs
  A hungry ghost (D:8)
  2 water moccasins (D:10)
  2 slaves (D:5)
  2 ice beasts (D:9)
  A phantom (D:6)
  2 orc warriors (D:6)
  3 sky beasts
  A wasp (D:9)
  6 ogres
  The ghost of Clownie the Insei, an amateur OpBe of Trog (D:3)
  4 centaurs
  3 giant frogs
  2 big kobolds
  2 scorpions
  7 wights (D:7)
  A killer bee (D:8)
  3 crimson imps
  A centaur zombie (D:8)
  2 giant frog zombies
  6 jellies
  12 orc wizards
  A gnoll shaman (D:8)
  7 hounds
  3 centaur skeletons
  A giant frog skeleton (D:8)
  4 orc priests
  3 iguanas
  4 worker ants
  2 hound zombies
  3 hound skeletons
  13 adders
  12 gnolls
  2 worker ant zombies
  2 adder zombies
  6 oozes
  5 worms
  3 giant geckos
  43 orcs
  10 giant cockroaches
  5 hobgoblins
  10 jackals
  4 quokkas
  A ball python (D:1)
  6 bats
  A giant gecko zombie (D:7)
  5 giant newts
  9 goblins
  21 kobolds
  3 rats
262 creatures vanquished.

Vanquished Creatures (collateral kills)
  Menkaure (D:7)
  A centaur (D:7)
  A gnoll (D:7)
  An adder (D:7)
  A giant gecko (D:7)
5 creatures vanquished.

Vanquished Creatures (others)
  A centaur (D:7)
  A worker ant (D:7)
2 creatures vanquished.

Grand Total: 269 creatures vanquished

Notes
Turn   | Place    | Note
--------------------------------------------------------------
     0 | D:1      | Clownie the Octopode Berserker began the quest for the Orb.
     0 | D:1      | Reached XP level 1. HP: 16/16 MP: 1/1
   161 | D:1      | Reached XP level 2. HP: 18/21 MP: 2/2
   740 | D:2      | Reached skill level 4 in Unarmed Combat
   749 | D:2      | Reached XP level 3. HP: 13/26 MP: 3/3
   975 | D:2      | Reached ** piety under Trog
  1654 | D:2      | Found a burning altar of Makhleb.
  1656 | D:2      | Found a shimmering altar of Xom.
  1697 | D:3      | Reached XP level 4. HP: 25/31 MP: 4/4
  1865 | D:3      | Reached skill level 5 in Unarmed Combat
  2178 | D:3      | Found a deep blue altar of Sif Muna.
  2185 | D:3      | Noticed Clownie's ghost (amateur OpBe)
  2187 | D:3      | Found a shadowy altar of Dithmenos.
  2190 | D:3      | Killed Clownie's ghost
  2190 | D:3      | Reached skill level 6 in Unarmed Combat
  2190 | D:3      | Reached XP level 5. HP: 36/36 MP: 5/5
  2344 | D:3      | Reached XP level 6. HP: 33/42 MP: 6/6
  2351 | D:3      | Reached *** piety under Trog
  2777 | D:4      | Found Zier's Gadget Emporium.
  2806 | D:4      | Reached skill level 7 in Unarmed Combat
  3228 | D:4      | Gained mutation: You can spit weak poison. [potion of mutation]
  3228 | D:4      | Gained mutation: Your mind is acute. (Int +2) [potion of mutation]
  3458 | D:4      | Found Eryi's Magic Scroll Boutique.
  3490 | D:4      | Bought a scroll of magic mapping for 49 gold pieces
  3490 | D:4      | Bought a scroll of remove curse for 42 gold pieces
  3490 | D:4      | Bought a scroll of identify for 28 gold pieces
  3490 | D:4      | Bought a scroll of random uselessness for 14 gold pieces
  3538 | D:4      | Reached XP level 7. HP: 37/46 MP: 7/7
  3881 | D:4      | Found Weujof's Book Emporium.
  4032 | D:4      | Reached **** piety under Trog
  4143 | D:4      | Reached skill level 8 in Unarmed Combat
  4283 | D:5      | Entered Level 5 of the Dungeon
  4412 | D:5      | Reached skill level 5 in Dodging
  4412 | D:5      | Reached XP level 8. HP: 27/52 MP: 8/8
  4416 | D:5      | Lost mutation: You can spit weak poison. [mutagenic meat]
  4417 | D:5      | Gained mutation: You are robust (+10% HP). [mutagenic meat]
  5060 | D:5      | Noticed Pikel
  5066 | D:5      | Killed Pikel
  5379 | D:6      | Reached XP level 9. HP: 51/61 MP: 9/9
  5441 | D:6      | Reached skill level 9 in Dodging
  5914 | D:6      | Noticed OmG's ghost (novice HuFi)
  5929 | D:6      | Killed OmG's ghost
  5929 | D:6      | Reached skill level 10 in Dodging
  6459 | D:7      | Noticed Menkaure
  6463 | D:7      | Killed Menkaure
  6465 | D:7      | Reached skill level 11 in Dodging
  6978 | D:7      | Found a staircase to the Ecumenical Temple.
  7016 | D:7      | Reached XP level 10. HP: 69/69 MP: 10/10
  7055 | D:7      | Reached skill level 12 in Dodging
  7489 | D:7      | Found Luqig's Weapon Boutique.
  7914 | D:8      | Gained mutation: You can breathe flames. [potion of mutation]
  7924 | D:8      | Reached skill level 5 in Fighting
  8581 | D:9      | Reached ***** piety under Trog
  9065 | D:9      | Noticed Prince Ribbit
  9074 | D:9      | Killed Prince Ribbit
  9352 | D:9      | Reached skill level 1 in Stealth
  9984 | D:10     | Entered Level 10 of the Dungeon
 10040 | D:10     | Found Ubigamyu's Serpentskin Sales.
 10056 | D:10     | Bought a potion of poison for 10 gold pieces
 10056 | D:10     | Bought an uncursed ring of poison resistance for 200 gold pieces
 10087 | D:10     | Reached XP level 11. HP: 73/84 MP: 11/11
 10093 | D:10     | Reached skill level 5 in Stealth
 10198 | D:10     | Noticed a hill giant
 10208 | D:10     | Killed a hill giant
 10397 | D:10     | Gained mutation: Your spells are a little harder to cast, but a little more powerful. [mutagenic meat]
 10398 | D:10     | Lost mutation: You are robust (+10% HP). [mutagenic meat]
 10399 | D:10     | Gained mutation: You passively map a small area around you. [mutagenic meat]
 10414 | D:10     | Got a smoking trident
 10415 | D:10     | Identified the +12 trident of Rega {flame, rElec rPois rC+ Dex-4} (You found it on level 10 of the Dungeon)
 10441 | D:10     | HP: 3/77 [something (5)]
 10445 | D:10     | Slain by an unseen horror

Action                   |  1- 3 |  4- 6 |  7- 9 | 10-12 || total
-------------------------+-------+-------+-------+-------++-------
Melee: Unarmed           |    73 |   112 |   184 |   302 ||   671
       Trident           |       |       |       |     2 ||     2
Invok: Berserk           |       |     6 |     9 |    12 ||    27
       Trog's Hand       |       |       |     3 |     5 ||     8
       Burn Spellbooks   |       |       |     1 |     1 ||     2
       Brothers in Arms  |       |       |     1 |       ||     1
 Abil: Breathe Fire      |       |       |       |     2 ||     2
  Use: Scroll            |     6 |     3 |     1 |     1 ||    11
       Potion            |       |     1 |     1 |     5 ||     7
 Stab: Sleeping          |     7 |     9 |     8 |    10 ||    34
       Distracted        |       |     1 |       |     1 ||     2
  Eat: Chunk             |     2 |    11 |    15 |    18 ||    46
       Bread ration      |       |       |     2 |     2 ||     4
       Pizza             |       |       |       |     1 ||     1
       Beef jerky        |       |       |       |     1 ||     1
